 Dungeon Crawl Stone Soup version 0.25-a0-734-g73332aeda9 (webtiles) character file.

Game seed: 6243097642978420135, levelgen mode: deterministic

2 Froggeryz the Chiller (level 1, 0/15 HPs)
             Began as a Naga Ice Elementalist on Apr 11, 2020.
             Slain by a leopard gecko (1 damage)
             ... on level 1 of the Dungeon.
             The game lasted 00:00:30 (141 turns).

Froggeryz the Chiller (Naga Ice Elementalist)        Turns: 141, Time: 00:00:31

Health: 0/15       AC:  1    Str: 10    XL:     1   Next: 40%
Magic:  1/3        EV: 10    Int: 15    God:
Gold:   0          SH:  0    Dex: 11    Spells: 3/4 levels left

rFire    . . .     SeeInvis +   (no weapon)
rCold    . . .     Gourm    .   (no shield)
rNeg     . . .     Faith    .   a - +0 robe
rPois    +         Spirit   .   (no helmet)
rElec    .         Reflect  .   (no cloak)
rCorr    .         Harm     .   (no gloves)
MR       .....                  (no barding)
Stlth    ++........             (no amulet)
HPRegen  0.05/turn              (no ring)
MPRegen  0.08/turn              (no ring)

@: short of breath, very slightly contaminated, very slow
A: large, see invisible, deformed body, poison resistance, slowness 2, slow
metabolism 1, spit poison 1, AC +0
a: Spit Poison


You were on level 1 of the Dungeon.
You were not hungry.

You visited 1 branch of the dungeon, and saw 1 of its levels.

Inventory:

Armour
 a - a +0 robe (worn)
 b - a +0 kite shield
Comestibles
 c - a ration


   Skills:
 + Level 0.2 Fighting
 - Level 1.5 Dodging
 - Level 3.0 Stealth
 - Level 2.0 Spellcasting
 * Level 4.1 Ice Magic


You had 3 spell levels left.
You knew the following spells:

 Your Spells              Type           Power        Failure   Level  Hunger
a - Freeze                Ice            ##..         4%          1    #......

Your spell library contained the following spells:

 Spells                   Type           Power        Failure   Level  Hunger
 Frozen Ramparts          Ice            ##....       12%         3    ###....
 Ozocubu's Armour         Chrm/Ice       #.......     28%         3    ###....
 Hailstorm                Conj/Ice       #.......     67%         4    #####..
 Summon Ice Beast         Ice/Summ       #.......     67%         4    #####..


Dungeon Overview and Level Annotations

Branches:
Dungeon (1/15)

Altars:


Innate Abilities, Weirdness & Mutations

You cannot wear boots.
Your serpentine skin is tough. (AC +0)
You have supernaturally acute eyesight. (SInv)
Armour fits poorly on your strangely shaped body.
Your system is resistant to poisons. (rPois)
You cover ground very slowly.
You have a slow metabolism.
You can spit poison.


Message History

Aiming: Freeze (safe; 4% risk of failure)
Press: ? - help, Shift-Dir - straight line, f - leopard gecko
Aim: a leopard gecko You miscast Freeze.
You are very lightly contaminated with residual magic.
Frost covers your body. The leopard gecko bites you.
* * * LOW HITPOINT WARNING * * *
Casting: Freeze (safe; 4% risk of failure)
Confirm with . or Enter, or press ? or * to list all spells.
You don't have enough magic to cast that spell.
Unknown command.
Press: ? - help, Shift-Dir - straight line, f/p - leopard gecko
Aim: a leopard gecko The splash of poison misses the leopard gecko.
You feel slightly more hungry. The leopard gecko bites you.
* * * LOW HITPOINT WARNING * * *
The leopard gecko closely misses you.
You aren't carrying any potions.
The leopard gecko bites you.
You die...

. ### ####. ... ..... #.#
#...# #.# #.#.#.####.#
#.#.# ...#.#
########.#.####.#.####.#.#
.......>........@ls......#
###.######..###...#......#
#.# #..# #...#......# #.#
#..# #...#.##...# #.#
#........... ... #.#
##.###.#.#.# .. #.# #.#
....#.# . #.# #.#.#.#....
#.# #.# ........


You could see a leopard gecko and a giant cockroach.

Vanquished Creatures
  A hobgoblin (D:1)
  A frilled lizard (D:1)
  A rat (D:1)
3 creatures vanquished.

Notes
Turn   | Place    | Note
-------+----------+-------------------------------------------
     0 | D:1      | Froggeryz the Naga Ice Elementalist began the quest for the
                  | Orb.
     0 | D:1      | Reached XP level 1. HP: 15/15 MP: 3/3
   141 | D:1      | Slain by a leopard gecko

Levels and vault maps discovered:
D:1:      mrwooster_arrival_statue, layout_basic, hex_medium

Action                   || total
-------------------------++-------
Melee: Unarmed           ||     2
 Cast: Freeze            ||     4
 Abil: Spit Poison       ||     1
Dodge: Dodged            ||     3

Table legend:
 A = Non-vault XP
 B = Vault XP
 C = Vault XP percentage of total XP
 D = Non-vault monster count
 E = Vault monster count
 F = Vault count percentage of total count
                 A         B        C        D         E       F
            +---------+---------+-------+---------+---------+-------
      Total |       4 |       0 |   0.0 |       3 |       0 |   0.0
            +---------+---------+-------+---------+---------+-------
        D:1 |       4 |       0 |   0.0 |       3 |       0 |   0.0
            +---------+---------+-------+---------+---------+-------
